Map: [ESL] Oceanborn

Players

Krystianer

  • Race: Protoss Protoss
  • Spawn Location: 11:00

Clem - Winner!

  • Race: Terran Terran
  • Spawn Location: 5:00

Event: ESL SC2 Masters 2023 Winter (Regional)

VOD

Have the link to the VOD?

Description

Time

  • Played on: Nov. 9, 2023, 10:54 a.m.
  • Length: 9:48

All games in this series

Show
View Real Time Build Order
Export as new Build Order

Krystianer Protoss 

Build Orders: 1 Gate Expand, Blink Stalkers 

Get SALT Encoding   

  12  0:00  Probe  
  13  0:13  Probe  
  14  0:17  Pylon  
  14  0:25  Probe (Chrono Boost)  
  16  0:36  Gateway  
  16  0:37  Probe (Chrono Boost)  
  16  0:42  Probe (Chrono Boost)  
  16  0:45  Assimilator  
  17  0:51  Probe  
  18  1:03  Probe  
  19  1:15  Probe  
  20  1:29  Nexus  
  20  1:31  Cybernetics Core  
  20  1:35  Probe  
  21  1:43  Assimilator  
  21  1:47  Probe  
  21  1:50  Pylon  
  21  1:59  Probe  
  22  2:06  Stalker (Chrono Boost)  
  22  2:08  Warp Gate  
  22  2:12  Probe  
  25  2:24  Probe  
  25  2:26  Stalker (Chrono Boost)  
  28  2:32  Twilight Council  
  29  2:38  Probe (Chrono Boost)  
  29  2:42  Probe (Chrono Boost)  
  30  2:50  Stalker  
  34  2:51  Probe (Chrono Boost)  
  34  2:52  Probe (Chrono Boost)  
  34  2:56  Probe (Chrono Boost)  
  35  3:00  Probe  
  35  3:02  Shield Battery  
  36  3:08  Blink (Chrono Boost)  
  36  3:13  Probe  
  36  3:16  Probe  
  37  3:25  Probe  
  38  3:28  Probe  
  39  3:37  Probe  
  39  3:40  Probe  
  37  3:49  Probe  
  37  3:52  Probe  
  39  3:56  Stalker  
  39  4:00  Robotics Facility  
  39  4:02  Probe (Chrono Boost)  
  42  4:04  Probe (Chrono Boost)  
  43  4:10  Pylon  
  43  4:16  Probe (Chrono Boost)  
  45  4:19  Nexus, Probe (Chrono Boost)  
  45  4:22  Probe (Chrono Boost)  
  46  4:28  Probe  
  46  4:30  Probe, Pylon  
  48  4:38  Stalker  
  50  4:40  Probe  
  50  4:45  Gateway  
  50  4:46  Forge  
  50  4:48  Observer  
  50  4:50  Probe (Chrono Boost)  
  53  4:52  Probe (Chrono Boost)  
  53  4:54  Assimilator  
  53  5:01  Stalker  
  53  5:04  Probe (Chrono Boost)  
  53  5:05  Charge, Probe (Chrono Boost)  
  57  5:08  Probe (Chrono Boost)  
  57  5:10  Observer  
  57  5:12  Probe  
  60  5:19  Probe  
  60  5:20  Gateway  
  61  5:21  Protoss Ground Weapons Level 1  
  61  5:23  Gateway  
  61  5:26  Probe (Chrono Boost)  
  62  5:28  Pylon  
  62  5:31  Probe (Chrono Boost)  
  62  5:32  Probe (Chrono Boost)  
  64  5:39  Sentry x2  
  64  5:41  Probe (Chrono Boost)  
  64  5:42  Probe x2 (Chrono Boost)  
  71  5:45  Immortal  
  71  5:46  Probe (Chrono Boost)  
  71  5:48  Probe x2  
  78  5:57  Probe  
  78  6:00  Probe x2  
  81  6:16  Stalker x2  
  81  6:17  Stalker  
  85  6:18  Pylon  
  85  6:22  Gateway  
  85  6:23  Gateway  
  82  6:26  Gateway  
  82  6:27  Gateway  
  82  6:30  Gateway  
  82  6:37  Immortal (Chrono Boost)  
  82  6:39  Robotics Bay  
  86  6:40  Pylon  
  86  6:43  Photon Cannon  
  86  6:44  Zealot  
  86  6:45  Pylon  
  88  6:50  Zealot, Stalker  
  88  6:51  Pylon  
  92  6:55  Pylon  
  92  6:56  Pylon  
  92  7:03  Pylon  
  92  7:04  Assimilator  
  92  7:06  Immortal (Chrono Boost), Pylon  
  95  7:16  Probe x2  
  95  7:21  Stalker x2  
  95  7:22  Zealot x2, Protoss Ground Armor Level 1 (Chrono Boost)  
  105  7:25  Pylon  
  94  7:37  Probe (Chrono Boost)  
  94  7:38  Observer (Chrono Boost)  
  94  7:39  Probe (Chrono Boost)  
  94  7:40  Probe (Chrono Boost)  
  98  7:49  Probe (Chrono Boost)  
  101  7:52  Colossus  
  101  7:54  Probe x2 (Chrono Boost)  
  101  7:55  Probe (Chrono Boost)  
  101  7:56  Zealot x4  
  116  8:01  Probe x2  
  116  8:03  Probe  
  116  8:05  Pylon  
  118  8:08  Zealot x2  
  118  8:09  Zealot x2  
  125  8:16  Stalker x2  
  129  8:23  Zealot  
  129  8:24  Zealot x2  
  116  8:29  Zealot  
  116  8:31  Zealot x2  
  116  8:32  Zealot  
  112  8:36  Probe  
  112  8:39  Probe  
  98  8:42  Zealot x2  
  98  8:44  Zealot x2  
  98  8:48  Zealot  
  104  8:55  Zealot x3  
  108  8:59  Probe  
  93  9:07  Sentry x3  
  93  9:08  Stalker x3  
  99  9:12  Observer (Chrono Boost)  
  99  9:15  Zealot x3  
  98  9:28  Probe  
  98  9:30  Zealot x3  
  98  9:31  Zealot  
  88  9:33  Zealot x2  
  88  9:38  Zealot x3  
Show
View Real Time Build Order
Export as new Build Order

Clem Terran - Winner!

Build Orders:  

Get SALT Encoding   

  12  0:00  SCV  
  13  0:12  SCV  
  14  0:16  Supply Depot  
  14  0:24  SCV  
  14  0:27  Refinery  
  15  0:38  SCV  
  16  0:44  Barracks  
  16  0:50  SCV  
  17  1:02  SCV  
  18  1:14  SCV  
  19  1:21  Engineering Bay  
  19  1:30  Orbital Command, Marine  
  20  1:38  Factory  
  20  1:44  Supply Depot  
  20  1:49  Barracks Reactor  
  20  1:56  SCV  
  22  2:08  SCV  
  22  2:20  SCV  
  23  2:24  Command Center  
  23  2:28  Hellion  
  23  2:29  Hellion  
  27  2:34  Supply Depot  
  28  2:37  SCV  
  28  2:50  Hellion  
  28  2:51  SCV  
  31  2:52  Barracks Tech Lab  
  31  2:56  Hellion  
  33  2:59  Starport  
  33  3:03  SCV  
  34  3:07  Refinery  
  34  3:15  SCV  
  35  3:23  Cyclone, Marine  
  35  3:24  Marine  
  39  3:36  SCV  
  39  3:37  Orbital Command  
  36  3:44  Starport Tech Lab, Marine x2  
  36  3:48  SCV  
  37  3:55  Siege Tank  
  38  3:57  Orbital Command  
  38  4:00  SCV  
  39  4:03  Marine x2  
  39  4:07  Bunker  
  39  4:08  Raven  
  43  4:11  Supply Depot  
  43  4:13  SCV  
  44  4:21  Marine x2  
  44  4:22  SCV  
  47  4:25  SCV  
  51  4:31  Siege Tank  
  51  4:34  SCV  
  51  4:35  Barracks  
  52  4:39  SCV  
  52  4:40  Marine x2  
  52  4:45  Supply Depot  
  55  4:46  SCV  
  55  4:51  SCV  
  57  4:57  Barracks  
  57  4:58  SCV  
  57  4:59  Marine x2  
  60  5:04  SCV  
  60  5:06  Siege Tank, Supply Depot  
  64  5:11  SCV  
  65  5:14  Engineering Bay  
  65  5:16  Refinery  
  65  5:18  Marine  
  65  5:19  Marine  
  65  5:20  SCV  
  68  5:22  Supply Depot  
  68  5:25  SCV  
  69  5:32  Stimpack, SCV, Marine  
  71  5:36  Marine x2  
  71  5:37  SCV  
  71  5:40  Refinery  
  74  5:44  SCV  
  74  5:46  Starport Reactor, Factory Reactor  
  74  5:47  Terran Infantry Weapons Level 1  
  74  5:49  SCV  
  76  5:50  Supply Depot  
  76  5:55  Marine, Marauder  
  76  5:56  Marine x2  
  81  5:58  Supply Depot  
  81  6:00  Combat Shield  
  81  6:03  SCV  
  80  6:06  SCV  
  78  6:13  Marine  
  78  6:15  SCV  
  78  6:18  Marine, SCV, Marauder  
  81  6:19  Marauder  
  81  6:24  Medivac, Supply Depot  
  86  6:33  Widow Mine x2, SCV x2  
  86  6:35  Marine  
  86  6:37  Marine  
  86  6:38  Armory  
  94  6:41  Marauder  
  94  6:43  Marauder  
  94  6:45  SCV  
  94  6:46  SCV  
  100  6:49  Supply Depot  
  100  6:53  Medivac  
  100  6:54  Marine  
  102  6:55  Marine  
  102  6:58  Widow Mine x2  
  102  7:00  Supply Depot  
  108  7:08  Medivac  
  110  7:09  Supply Depot  
  110  7:11  Marauder  
  110  7:12  Marauder  
  114  7:16  Marine x2  
  114  7:20  Supply Depot  
  114  7:22  Widow Mine  
  118  7:23  Concussive Shells  
  118  7:27  Widow Mine  
  120  7:32  Supply Depot  
  120  7:33  Marauder  
  120  7:34  Marauder  
  120  7:35  Medivac  
  126  7:37  Marine  
  126  7:38  Marine  
  126  7:52  Widow Mine  
  126  7:54  Command Center, Widow Mine  
  126  7:56  Marauder  
  126  7:57  Marine  
  129  8:00  Marauder  
  129  8:06  Marine  
  130  8:16  Barracks x2, Widow Mine  
  130  8:17  Medivac  
  130  8:18  Widow Mine, Supply Depot  
  135  8:20  Marine  
  135  8:23  Marauder  
  135  8:25  Marauder  
  138  8:28  Medivac  
  138  8:32  Marine  
  123  8:39  Widow Mine  
  123  8:40  Marine  
  118  8:49  Widow Mine, Marauder x2  
  118  8:50  Medivac  
  118  8:53  Marine  
  120  8:59  Marine  
  120  9:01  Medivac  
  113  9:05  Barracks Tech Lab  
  113  9:06  SCV x2  
  114  9:10  Marauder x2  
  114  9:13  Marine  
  119  9:18  SCV, Widow Mine x2  
  119  9:19  Marine  
  119  9:23  Marine  
  119  9:24  SCV  
  127  9:26  Marine  
  122  9:32  SCV  
Tags
 
Add a new tag
Caveats
  • Supply blocks, unpowered buildings, or Contaminate may cause inaccurate times.
  • Supply counts are checked every 10 seconds.